 Dungeon Crawl Stone Soup version 0.30-b1-2-g02819fbbbe (webtiles) character file.

Game seed: 3486336724356441254

53 ketsa the Chopper (level 3, -6/26 (33) HPs)
             Began as a Hill Orc Fighter on May 27, 2023.
             Mangled by a gnoll
             ... wielding a +0 spear
              (7 damage)
             ... on level 2 of the Dungeon.
             The game lasted 00:02:11 (840 turns).

ketsa the Chopper (Hill Orc Fighter)                 Turns: 840, Time: 00:02:12

HP:   -6/26 (33)    AC:  8    Str: 20    XL:     3   Next: 89%
MP:   3/3           EV:  9    Int:  8    God:
Gold: 102           SH:  4    Dex: 10    Spells: 2/2 levels left

rFire   . . .        a - +0 war axe
rCold   . . .        c - +0 buckler
rNeg    . . .        b - +0 scale mail
rPois   .            g - +0 helmet
rElec   .            (no cloak)
rCorr   .            (no gloves)
SInv    .            (no boots)
Will    .....        (no amulet) Stlth
                     (no ring)
HPRegen 0.24/turn    (no ring)
MPRegen 0.08/turn

%: no passive effects
@: heavily drained
A: no striking features
a: no special abilities


You were on level 2 of the Dungeon.
You visited 1 branch of the dungeon, and saw 2 of its levels.

You collected 102 gold pieces.

Inventory:

Hand Weapons
 a - a +0 war axe (weapon)
Armour
 b - a +0 scale mail (worn)
 c - a +0 buckler (worn)
 g - a +0 helmet (worn)
Scrolls
 f - a scroll of magic mapping {unknown}
 h - a scroll of fear {unknown}
 i - a scroll of torment {unknown}
 j - a scroll of blinking {unknown}
 k - a scroll of fog {unknown}
 l - a scroll of brand weapon {unknown}
 m - a scroll of teleportation {unknown}
Potions
 d - 3 potions of might
 e - a potion of mutation {unknown}


   Skills:
 + Level 4.2 Fighting
 * Level 4.2 Axes
 - Level 3.2 Armour
 + Level 3.8 Shields


You had 2 spell levels left.
You didn't know any spells.
Your spell library contained the following spells:

 Spells                   Type           Power      Damage    Failure   Level
 Beastly Appendage        Tmut           0%         N/A       83%         1
 Wereblood                Tmut           0%         N/A       93%         2
 Spider Form              Tmut/Pois      0%         N/A       99%         3


Dungeon Overview and Level Annotations

Branches:
Dungeon (2/15) Zot: 11127

Altars:


Message History

The gnoll hits you but does no damage.
You hit the gnoll.
The gnoll is heavily wounded.
The gnoll misses you. The gnoll hits you but does no damage.
The gnoll closely misses you. x2
You hit the gnoll.
The gnoll is severely wounded.
The gnoll barely misses you. The gnoll hits you but does no damage.
You hit the gnoll but do no damage.
The gnoll is severely wounded.
The gnoll closely misses you.
The gnoll hits you with a +0 flail of draining.
You feel drained.
You hit the gnoll but do no damage.
The gnoll is severely wounded.
The gnoll completely misses you. The gnoll misses you.
The gnoll barely misses you. The gnoll hits you but does no damage.
You feel drained.
You completely miss the gnoll.
The gnoll is severely wounded.
You block the gnoll's attack. The gnoll closely misses you.
You closely miss the gnoll.
The gnoll is severely wounded.
The gnoll hits you with a +0 flail of draining.
* * * LOW HITPOINT WARNING * * *
You feel drained. The gnoll closely misses you.
You hit the gnoll.
The gnoll is almost dead.
The gnoll barely misses you.
The gnoll hits you from afar with a +0 spear.
* * * LOW HITPOINT WARNING * * *
You closely miss the gnoll.
The gnoll is almost dead.
The gnoll hits you from afar with a +0 spear.
* * * LOW HITPOINT WARNING * * *
The gnoll closely misses you. The gnoll hits you but does no damage.
You feel drained.
The gnoll hits you from afar with a +0 spear!
You die...

#..........# ...........
...........#......#.........
#.......g$.#......###..#....
#.....##.###......# #.......
#........# ................
#........# ...............#
#........## ...............)
#........g##................
#........gg@..........#.....
#........w###.........#.....
#.........# #.........#.....
###(......###...............
#.........#........##.....
...........###.......#.....
#..............†......#.....
#...............).....#.....
#.....................#.....


You could see a worm and 3 gnolls.

Vanquished Creatures
  A gnoll (D:2)
  An adder (D:2)
  A worm (D:2)
  A dart slug (D:1)
  5 endoplasms
  A giant cockroach (D:2)
  4 goblins (D:1)
  4 hobgoblins
  2 kobolds
  A quokka (D:1)
  A ball python (D:1)
  2 bats
  3 frilled lizards
27 creatures vanquished.

Notes
Turn   | Place    | Note
-------+----------+-------------------------------------------
     0 | D:1      | ketsa the Hill Orc Fighter began the quest for the Orb.
     0 | D:1      | Reached XP level 1. HP: 19/19 MP: 1/1
   156 | D:1      | Reached XP level 2. HP: 23/27 MP: 2/2
   616 | D:2      | Reached XP level 3. HP: 30/33 MP: 3/3
   840 | D:2      | HP: 1/27 [gnoll/+0 spear (1)]
   840 | D:2      | Mangled by a gnoll

Illustrated notes

Levels and vault maps discovered:
D:1:      lemuel_arrival_broad_hall, layout_rooms, minmay_misc_feat_doors,
          nicolae_concentric_dashed_squares_wild
D:2:      layout_basic

Skill      XL: |  1  2  3 |
---------------+----------+-----
Axes           | 3 4 |  4.2
Fighting       | 4 |  4.2
Armour         | |  3.2
Shields        | |  3.8

Action                     || total
---------------------------++-------
  Melee: War axe           ||    94
 Armour: Scale mail        ||    47
  Dodge: Dodged            ||    48
  Block: Buckler           ||    25
